Unix NetHack Version 5.0.0-0 post-release - last build May 23 2026 06:08:33 (1c0ff79ee797540d5714e4e18072db0edd9e58ae,branch:main).

Game began 2026-05-23 13:28:16, ended 2026-05-23 17:22:51.

Fletchius, lawful female dwarven Valkyrie

                                              -----
                                           ----...|
                                          .....@..|
                                     G    .....q..|
                                           --.|0 .|
                                            --|r..|
                                              -..--
                                               ..


                                               h

Fletchius the Skirmisher    St:18/01 Dx:12 Co:17 In:12 Wi:7 Ch:9  Lawful
Dlvl:7  $:60 HP:0(48) Pw:6(6) AC:4  Xp:5 T:2770 

Latest messages:
 You hit the water nymph.
 The water nymph charms you.  You gladly hand over your shield.
 She stole an uncursed +3 small shield.
 The water nymph vanishes!
 The water nymph appears close by!
 You hit the water nymph!
 You kill the water nymph!
 Welcome to experience level 5.
 There are several objects here.
 a - a corroded +1 dwarvish spear.
 c - an uncursed +3 small shield.
 What do you want to wear? [c or ?*] c
 You are now wearing a small shield.
 What do you want to wield? [- ab or ?*] ?
 a - a corroded +1 dwarvish spear (weapon in left hand).
 A gush of water hits you!
 You see here 6 rocks.
 You descend the stairs.
 The leocrotta hits!
 The leocrotta bites!
 The leocrotta misses!
 You hit the leocrotta!
 The leocrotta hits!
 The leocrotta bites!
 The leocrotta just misses!
 You climb up the stairs.
 You hear crashing rock.
 With great effort you move the boulder.
 You don't know any spells right now.
 You are beginning to feel hungry.
 What do you want to eat? [d or ?*] d
 This food really hits the spot!
 You finish eating the food ration.
 The iguana bites!
 You feel more confident in your weapon skills.
 You hit the iguana!
 You are now more skilled in spear.
 You miss the iguana.
 The iguana just misses!
 You hear crashing rock.
 You kill the iguana!
 You descend the stairs.
 The leocrotta hits!
 The leocrotta bites!
 The leocrotta hits!
 The leocrotta hits!
 The leocrotta bites!
 The leocrotta hits!
 You die...
 Do you want your possessions identified? [ynq] (y) q

Inventory:
 Coins    ('$')
  $ - 60 gold pieces
 Weapons  (')')
  b - a blessed +0 dagger
  a - a corroded +1 dwarvish spear (weapon in left hand)
 Armor    ('[')
  f - an uncursed +1 orcish helm (being worn)
  c - an uncursed +3 small shield (being worn)
 Comestibles  ('%')
  d - 3 uncursed food rations
 Scrolls  ('?')
  m - an uncursed scroll of confuse monster
  r - 2 uncursed scrolls of enchant armor
  g - an uncursed scroll of gold detection
  j - an uncursed scroll of magic mapping
  n - an uncursed scroll of scare monster
  q - a cursed scroll of stinking cloud
 Potions  ('!')
  h - an uncursed potion of healing
  t - a blessed potion of object detection
  k - an uncursed potion of speed
 Wands    ('/')
  i - a wand of digging (0:3)
  e - a wand of light (0:8)
  o - a wand of make invisible (0:1)
 Tools    ('(')
  s - an uncursed credit card
  p - an uncursed tin whistle

Fletchius the Valkyrie's attributes:

Background:
 You were a Skirmisher, a level 5 dwarven Valkyrie.
 You were lawful, nominally on a mission for Tyr
 who was opposed by Odin (neutral) and Loki (chaotic).
 You were left-handed.
 You were in the Gnomish Mines, on level 7.
 You entered the dungeon 2770 turns ago.
 You had 168 experience points, 152 more were needed to attain level 6.

Basics:
 You had 0 out of 48 hit points.
 You had all 6 energy points (spell power).
 Your armor class was 4.
 Your wallet contained 60 zorkmids.
 Autopickup was off.

Final Characteristics:
 Your strength was 18/01 (limit:18/100).
 Your dexterity was 12 (limit:20).
 Your constitution was 17 (limit:20).
 Your intelligence was 12 (limit:16).
 Your wisdom was 7 (limit:16).
 Your charisma was 9 (limit:16).

Final Status:
 You weren't hungry.
 You were unencumbered.
 You were wielding a spear.
 You were skilled in spear.

Final Attributes:
 You were piously aligned.
 You were cold resistant.
 You were telepathic.
 You had infravision.
 You were stealthy.
 You are dead.

Miscellaneous:
 You encountered 1 bones level.
 Total elapsed playing time was 2 hours, 28 minutes and 7 seconds.

Major events:
 Turn
    1: Fletchius the lawful dwarven Valkyrie entered the dungeon
  893: attained the rank of Skirmisher (level 3)
 1601: entered the Gnomish Mines
 2770: killed by a leocrotta

You didn't know any spells.

Skills:
 Fighting Skills
   bare handed combat [Unskilled]
   two weapon combat  [Unskilled]
   riding             [Unskilled]
 Weapon Skills
   dagger             [Basic]
   axe                [Unskilled]
   pick-axe           [Unskilled]
   short sword        [Unskilled]
   broadsword         [Unskilled]
   long sword         [Unskilled]
   two-handed sword   [Unskilled]
   saber              [Unskilled]
   hammer             [Unskilled]
   quarterstaff       [Unskilled]
   polearms           [Unskilled]
   spear              [Skilled]
   trident            [Unskilled]
   lance              [Unskilled]
   sling              [Unskilled]
 Spellcasting Skills
   attack spells      [Unskilled]
   escape spells      [Unskilled]

Voluntary challenges:
 Character rerolling was not enabled.
 You were an atheist.
 You never genocided any monsters.
 You never polymorphed an object.
 You never changed form.
 You used no wishes.
Achievements:
 You entered a shop.
 You attained the rank of Skirmisher.
 You entered the Gnomish Mines.

 The Dungeons of Doom: levels 1 to 5
    Level 1:
       Some graves.
    Level 2:
    Level 3:
       A general store, many fountains.
    Level 4:
       A fountain, a grave.
       Stairs down to The Gnomish Mines.
    Level 5:
 The Gnomish Mines: levels 5 to 7
    Level 5:
    Level 6:
    Level 7: <- You were here.
       A grave.
       Final resting place for
          you, killed by a leocrotta,
          Anarchos-Val-Dwa-Fem-Law, killed by a leocrotta.


Vanquished creatures:
  a water nymph
  a straw golem
  2 floating eyes
  a dwarf
  3 iguanas
 an acid blob
  a coyote
  2 hobbits
  2 giant rats
  2 cave spiders
  a yellow mold
  a green mold
  a gnome
 12 garter snakes
  a gnome zombie
  2 geckos
  5 jackals
  2 kobolds
  3 goblins
  3 sewer rats
 11 grid bugs
  2 bats
  a lichen
  3 kobold zombies
  4 newts
68 creatures vanquished.

No species were genocided or became extinct.

Game over:
                       ----------
                      /          \
                     /    REST    \
                    /      IN      \
                   /     PEACE      \
                  /                  \
                  |    Fletchius     |
                  |      60 Au       |
                  |   killed by a    |
                  |    leocrotta     |
                  |                  |
                  |                  |
                  |       2026       |
                 *|     *  *  *      | *
        _________)/\\_//(\/(/\)/\//\/|_)_______

Farvel Fletchius the Valkyrie...

You died in The Gnomish Mines on dungeon level 7 with 1056 points,
and 60 pieces of gold, after 2770 moves.
You were level 5 with a maximum of 48 hit points when you died.

